Map: Sanctuary III LE

Players

RipNHammer

  • Race: Terran Terran
  • League: Master
  • Spawn Location: 1:00

Reaper - Winner!

  • Race: Zerg Zerg
  • League: Master
  • Spawn Location: 7:00

VOD

Have the link to the VOD?

Description

Time

  • Played on: Sept. 9, 2026, 6:15 p.m.
  • Length: 14:34
Show
View Real Time Build Order
Export as new Build Order

RipNHammer Terran 

Build Orders: Reaper Expand, Hellion Banshee, Mech 

Get SALT Encoding   

  8  0:00  SCV  
  9  0:12  SCV  
  10  0:25  SCV  
  11  0:28  Supply Depot  
  11  0:37  SCV  
  12  0:49  SCV  
  13  0:55  Barracks  
  13  1:01  SCV  
  14  1:09  Refinery  
  14  1:13  SCV  
  15  1:25  SCV  
  16  1:37  SCV  
  17  1:49  Orbital Command  
  17  1:52  Reaper  
  18  2:07  Supply Depot  
  18  2:16  Command Center  
  18  2:19  SCV  
  19  2:31  SCV  
  20  2:39  Factory  
  20  2:43  SCV  
  20  2:44  Refinery  
  21  2:54  Barracks Reactor  
  21  2:55  SCV  
  22  3:07  SCV  
  24  3:20  SCV  
  24  3:28  Starport  
  24  3:32  SCV, Orbital Command  
  25  3:42  Hellion x2  
  25  3:44  SCV  
  30  3:52  Orbital Command  
  30  3:56  SCV  
  31  4:06  Hellion x2, Viking  
  31  4:07  Barracks Tech Lab  
  37  4:11  SCV  
  37  4:15  Supply Depot  
  38  4:20  SCV  
  39  4:28  Supply Depot  
  39  4:30  Hellion  
  41  4:33  SCV  
  41  4:36  SCV  
  41  4:37  Hellion  
  45  4:47  Banshee, Cloaking Field  
  45  4:49  SCV  
  49  4:58  SCV  
  50  5:01  SCV  
  51  5:08  Command Center  
  51  5:10  SCV  
  51  5:13  Hellion x2, SCV  
  57  5:23  Refinery, Supply Depot  
  57  5:24  Refinery  
  57  5:37  Banshee  
  60  5:49  Hellion x2  
  65  5:50  SCV  
  63  5:59  SCV  
  64  6:07  SCV  
  62  6:11  SCV  
  61  6:33  Factory x2  
  61  6:34  Factory  
  61  6:36  Factory  
  59  6:58  Hellion x2  
  61  7:05  SCV x2  
  53  7:16  Engineering Bay  
  53  7:17  SCV, Hellion  
  53  7:19  SCV  
  57  7:29  SCV  
  58  7:33  Siege Tank  
  58  7:36  Factory Tech Lab  
  56  7:50  Factory Tech Lab x2  
  56  7:51  Factory Tech Lab  
  38  8:01  Orbital Command  
  36  8:42  Factory Reactor  
  36  8:45  Supply Depot  
  36  8:49  Supply Depot, Orbital Command  
  36  8:58  Supply Depot  
  36  8:59  Supply Depot  
  36  9:11  SCV, Siege Tank  
  40  9:18  SCV  
  40  9:19  Siege Tank  
  40  9:23  SCV, Supply Depot  
  45  9:25  Siege Tank x2  
  45  9:29  Hellion  
  45  9:30  SCV, Hellion  
  56  9:33  Infernal Pre-Igniter  
  56  9:35  SCV  
  57  9:42  SCV  
  57  9:43  Siege Tank  
  61  9:47  SCV  
  61  9:51  Hellion, Siege Tank  
  67  9:54  SCV  
  67  9:57  Siege Tank x2  
  74  10:01  Armory  
  74  10:09  Supply Depot  
  74  10:11  SCV  
  75  10:20  Siege Tank  
  74  10:22  Hellion  
  74  10:26  Supply Depot  
  76  10:29  Command Center  
  76  10:36  Supply Depot  
  76  10:38  Supply Depot  
  76  10:49  Supply Depot  
  76  10:52  Cyclone  
  76  10:54  SCV  
  80  11:03  SCV  
  81  11:07  SCV  
  82  11:13  Refinery  
  82  11:16  Refinery  
  82  11:18  SCV  
  83  11:19  SCV  
  83  11:24  Hellion x2  
  88  11:37  SCV x2  
  90  11:47  Siege Tank, Cyclone  
  93  11:48  Cyclone  
  93  11:49  SCV  
  100  11:55  Cyclone  
  100  11:56  Mag-Field Accelerator  
  103  12:01  Terran Vehicle Weapons Level 1  
  103  12:04  SCV  
  103  12:05  SCV  
  105  12:22  Cyclone  
  106  12:23  Siege Tank, Hellion  
  106  12:29  Hellion  
  105  12:40  SCV  
  105  12:42  Engineering Bay  
  106  12:46  Supply Depot  
  106  12:49  Cyclone  
  109  12:52  SCV  
  109  12:53  SCV  
  111  13:03  Refinery  
  81  13:13  Refinery  
  64  13:21  Cyclone, Siege Tank  
  64  13:22  Hellion  
  64  13:25  Cyclone x2  
  72  13:35  SCV  
  72  13:37  Liberator  
  76  13:46  Hellion, Widow Mine  
  80  13:57  Cyclone  
  83  14:07  Hellion  
Show
View Real Time Build Order
Export as new Build Order

Reaper Zerg - Winner!

Build Orders: Pool First 

Get SALT Encoding   

  8  0:02  Drone  
  9  0:10  Drone  
  10  0:19  Drone  
  11  0:22  Drone  
  12  0:33  Extractor, Drone  
  13  0:38  Overlord  
  13  0:56  Spawning Pool  
  12  1:01  Drone  
  13  1:05  Drone  
  13  1:09  Drone  
  15  1:14  Drone  
  16  1:36  Hatchery  
  15  1:43  Zergling x4  
  17  1:49  Drone  
  18  1:57  Overlord  
  18  2:02  Extractor  
  17  2:10  Queen  
  17  2:12  Drone  
  20  2:23  Drone  
  20  2:24  Drone  
  22  2:36  Drone  
  24  2:44  Drone  
  24  2:50  Drone  
  25  2:53  Drone  
  25  2:56  Queen x2  
  30  3:02  Overlord  
  30  3:09  Drone x2  
  32  3:22  Spore Crawler  
  32  3:23  Spore Crawler  
  32  3:35  Drone x6  
  38  3:41  Overlord  
  38  3:42  Zergling x2  
  39  4:01  Drone  
  40  4:04  Lair  
  40  4:05  Drone  
  40  4:06  Drone x5  
  40  4:07  Evolution Chamber  
  40  4:08  Extractor x2  
  43  4:12  Overlord  
  43  4:22  Drone x4  
  47  4:30  Drone  
  48  4:34  Zerg Ground Armor Level 1  
  48  4:39  Metabolic Boost  
  48  4:42  Drone  
  48  4:43  Drone x3  
  48  4:44  Drone x3  
  55  4:46  Extractor  
  55  4:48  Overlord  
  54  5:10  Zergling x6, Hydralisk Den  
  54  5:11  Overlord x2  
  54  5:12  Overlord x2  
  56  5:24  Overlord  
  56  5:47  Drone  
  56  5:48  Muscular Augments  
  57  6:08  Hydralisk  
  57  6:09  Hydralisk x7  
  73  6:12  Queen x2  
  73  6:16  Hydralisk  
  79  6:28  Overlord  
  79  6:29  Overlord  
  76  6:42  Overlord  
  76  6:43  Overlord x3  
  76  6:51  Hydralisk  
  76  6:52  Grooved Spines  
  78  7:01  Zerg Ground Armor Level 2  
  78  7:04  Hatchery  
  78  7:05  Zergling x2, Evolution Chamber  
  78  7:06  Zergling x14  
  82  7:17  Zergling x4  
  79  7:31  Spore Crawler, Overseer  
  71  8:05  Zerg Melee Weapons Level 1  
  67  8:22  Drone x3  
  67  8:23  Drone x10  
  73  8:28  Overseer  
  67  8:39  Overseer, Spore Crawler  
  64  8:43  Hydralisk  
  64  8:44  Hydralisk x5  
  64  8:46  Hydralisk  
  78  8:53  Hydralisk x3  
  78  8:54  Hydralisk  
  78  8:55  Infestation Pit  
  85  9:09  Hydralisk  
  85  9:10  Hydralisk x4  
  85  9:12  Overlord  
  85  9:16  Drone x2  
  97  9:18  Drone  
  98  9:28  Zerg Missile Weapons Level 1  
  98  9:31  Hive  
  98  9:33  Zergling x6  
  98  9:34  Zergling x4  
  103  9:39  Drone  
  103  9:40  Drone, Baneling Nest  
  103  9:41  Drone  
  103  9:54  Pneumatized Carapace  
  103  9:56  Extractor  
  103  9:57  Drone x3, Overlord  
  105  10:00  Infestor x2  
  109  10:40  Zerg Melee Weapons Level 2  
  109  10:44  Drone x4  
  109  10:48  Extractor  
  112  10:50  Ultralisk Cavern  
  112  10:51  Zergling x2  
  112  10:52  Zergling x14  
  112  10:55  Drone  
  112  10:56  Drone  
  121  11:00  Hatchery  
  120  11:09  Drone x3  
  123  11:14  Centrifugal Hooks  
  123  11:19  Overlord x2  
  123  11:20  Overlord  
  123  11:22  Zerg Ground Armor Level 3  
  123  11:27  Overseer  
  123  11:38  Chitinous Plating  
  123  11:40  Ultralisk  
  123  11:41  Ultralisk x2  
  123  11:45  Drone x4  
  123  11:46  Drone x3  
  148  12:01  Overlord  
  148  12:02  Overlord  
  148  12:14  Drone x10  
  148  12:15  Drone x6  
  147  12:30  Adrenal Glands  
  147  12:38  Drone  
  147  12:39  Drone  
  147  12:43  Drone  
  147  12:44  Drone x8  
  158  12:50  Overlord x2  
  158  12:57  Anabolic Synthesis  
  158  13:09  Spore Crawler  
  143  13:16  Zergling x26  
  150  13:41  Zergling x2  
  150  13:42  Zergling x30  
  164  13:55  Hatchery  
  164  13:57  Zergling x2  
  164  13:58  Zergling x12  
  169  14:10  Zergling x14  
Tags
 
Add a new tag
Caveats
  • Supply blocks, unpowered buildings, or Contaminate may cause inaccurate times.
  • Supply counts are checked every 10 seconds.